 Dungeon Sprint DCSS version 0.30-a0-920-g7493c07aab (webtiles) character file.

Game seed: 241736292593708265

444 DiggyJ the Fighter (level 6, -6/88 HPs)
             Began as a Demonspawn Berserker on Mar 21, 2023.
             Was a Believer of Trog.
             Succumbed to Sonja's poison
             ... in the Dungeon (Sprint I: "Red Sonja").
             The game lasted 00:02:09 (503 turns).

DiggyJ the Fighter (Demonspawn Berserker)            Turns: 503, Time: 00:02:10

Health: -6/88      AC:  2    Str: 19    XL:     6   Next: 72%
Magic:  6/6        EV: 13    Int:  8    God:    Trog [**....]
Gold:   310        SH:  0    Dex: 13    Spells: 5/5 levels left

rFire   . . .      SeeInvis .    a - +0 hand axe
rCold   . . .      Faith    .    (no shield)
rNeg    . . .      Spirit   .    b - +0 animal skin
rPois   .          Reflect  .    (helmet restricted)
rElec   .          Rampage  .    (no cloak)
rCorr   .          NoTele   +    (no gloves)
Will    .....                    (no boots) Stlth
                                 (no amulet)
HPRegen 0.34/turn                (no ring)
MPRegen 0.10/turn                (no ring)

@: berserking (expiring), lethally poisoned (-6 -> -54), very quick
A: horns 1, demonic guardian 2, demonic touch 1
a: Renounce Religion, Berserk, Trog's Hand


You were in the Dungeon.
You worshipped Trog.
Trog was pleased with you.
You visited 1 branch You collected 310 gold pieces.

Inventory:

Hand Weapons
 a - a +0 hand axe (weapon)
Armour
 b - a +0 animal skin (worn)
Wands
 i - a wand of iceblast (9)
Scrolls
 h - a scroll of blinking
Potions
 c - a potion of curing (quivered)
 d - a potion of heal wounds
 e - a potion of haste
 f - 2 potions of magic
 g - a potion of berserk rage
 j - a potion of brilliance {unknown}


   Skills:
 + Level 9.5 Fighting
 + Level 8.8 Axes
 + Level 4.4 Armour
 + Level 4.9 Dodging


You had 5 spell levels left.
You didn't know any spells.
Your spell library was empty.

Dungeon Overview and Level Annotations

Branches:
Dungeon (1/1)

Altars:
Cheibriados
Dithmenos
Fedhas
Gozag
Hepliaklqana
Kikubaaqudgha
Nemelex Xobeh
Okawaru
Qazlal
Ru
Sif Muna
Trog
Uskayaw
Vehumet
Wu Jian
Yredelemnul

Shops:
D =

Annotations:
D Sonja


Innate Abilities, Weirdness & Mutations

You have a pair of small horns on your head.
A demonic guardian rushes to your aid.
Your touch may inflict minor irresistible damage on your foes.


Message History

You feel very sick.
Sonja hits you with a +0 dagger of venom.
You are more poisoned.
Sonja barely misses you.
Sonja hits you with a +0 dagger of venom.
You are lethally poisoned!
You slash Sonja! Your touch misses Sonja.
Sonja is moderately wounded.
You feel very sick. Sonja closely misses you. Sonja barely misses you.
Sonja hits you with a +0 dagger of venom.
You are more poisoned.
You completely miss Sonja. Your headbutt misses Sonja.
Sonja is moderately wounded.
You feel extremely sick.
Sonja hits you with a +0 dagger of venom.
You are more poisoned.
Sonja hits you with a +0 dagger of venom.
* * * LOW HITPOINT WARNING * * *
You are more poisoned.
Sonja misses you.
You completely miss Sonja. Your touch misses Sonja.
Sonja is moderately wounded.
* * * LOW HITPOINT WARNING * * *
You feel extremely sick.
You slash Sonja! Your touch misses Sonja.
Sonja is heavily wounded.
* * * LOW HITPOINT WARNING * * *
You feel extremely sick.
Sonja drinks a potion.
Sonja is healed!
You closely miss Sonja. Your headbutt misses Sonja.
Sonja is moderately wounded.
* * * LOW HITPOINT WARNING * * *
You feel extremely sick.
Sonja casts a spell.
Sonja blinks!
Unknown command.
You are too berserk!
There is a lethal amount of poison in your body!
You die...

################
#<.#..').#..'..#
#..)..#..').#..+
#..#####'#####'#
#..####..#.K.#)#
#..#__####..##.#
#..#_____##§#_.+
#⌠⌠#_.∩...†@.._#
####_..__##_.#+#
#_____###'#
####### #.# $.$
$.$# ##.## #+#


You could see Sonja.

Vanquished Creatures
  Sigmund (D)
  A yak (D)
  An ogre (D)
  A jelly (D)
  Ijyb (D)
5 creatures vanquished.

Notes
Turn   | Place    | Note
-------+----------+-------------------------------------------
     0 | D        | DiggyJ the Demonspawn Berserker began the quest for the
                  | Orb.
     0 | D        | Reached XP level 1. HP: 18/18 MP: 1/1
     2 | D        | Noticed Ijyb
     7 | D        | Killed Ijyb
     8 | D        | Reached skill level 4 in Fighting
     8 | D        | Gained mutation: A weak demonic guardian rushes to your
                  | aid. [demonic ancestry]
     8 | D        | Reached XP level 2. HP: 26/26 MP: 2/2
    53 | D        | Noticed an ogre
    58 | D        | Killed an ogre
    59 | D        | Reached skill level 6 in Fighting
    59 | D        | Reached skill level 5 in Axes
    59 | D        | Discovered your monstrous ancestry.
    59 | D        | Gained mutation: You have a pair of small horns on your
                  | head. [demonic ancestry]
    59 | D        | Reached XP level 3. HP: 35/35 MP: 3/3
    59 | D        | Gained mutation: Your touch may inflict minor irresistible
                  | damage on your foes. [demonic ancestry]
    59 | D        | Reached XP level 4. HP: 41/41 MP: 4/4
   196 | D        | Noticed Sigmund
   201 | D        | Killed Sigmund
   201 | D        | Reached ** piety under Trog
   202 | D        | Reached skill level 8 in Fighting
   202 | D        | Gained mutation: A demonic guardian rushes to your aid.
                  | [demonic ancestry]
   202 | D        | Reached XP level 5. HP: 51/51 MP: 5/5
   202 | D        | Reached XP level 6. HP: 57/57 MP: 6/6
   240 | D        | Found an ornate altar of the Wu Jian Council.
   240 | D        | Found a shimmering blue altar of Sif Muna.
   242 | D        | Found a radiant altar of Vehumet.
   434 | D        | Found Qozifil's Jewellery Emporium.
   434 | D        | Found an ancient bone altar of Kikubaaqudgha.
   434 | D        | Found a hazy altar of Hepliaklqana.
   434 | D        | Found a stormy altar of Qazlal.
   434 | D        | Found a hide-covered altar of Uskayaw.
   434 | D        | Found a blossoming altar of Fedhas.
   434 | D        | Found a bloodstained altar of Trog.
   434 | D        | Found an iron altar of Okawaru.
   434 | D        | Found a basalt altar of Yredelemnul.
   434 | D        | Found a snail-covered altar of Cheibriados.
   434 | D        | Found a sacrificial altar of Ru.
   434 | D        | Found a shadowy altar of Dithmenos.
   434 | D        | Noticed a yak
   438 | D        | Killed a yak
   439 | D        | Reached skill level 9 in Fighting
   439 | D        | Found an opulent altar of Gozag.
   464 | D        | Found a sparkling altar of Nemelex Xobeh.
   493 | D        | Noticed Sonja
   502 | D        | HP: 1/88 [poisoned by Sonja]
   503 | D        | Succumbed to Sonja's poison

Illustrated notes

Levels and vault maps discovered:
D:        dungeon_sprint_1 [red_sonja_temple_1, red_sonja_temple_small_1]

Skill      XL: |  1  2  3  4  5  6 |
---------------+-------------------+-----
Fighting       | 4 6 8 9 |  9.5
Axes           | 4 5 7 8 |  8.8
Armour         | 2 3 4 |  4.4
Dodging        | 2 3 4 |  4.9

Action                     |  1- 3 |  4- 6 || total
---------------------------+-------+-------++-------
  Melee: Hand axe          |     7 |    18 ||    25
         Headbutt          |       |     4 ||     4
         Touch             |       |     1 ||     1
 Invoke: Berserk           |     2 |     3 ||     5
 Armour: Animal skin       |       |     1 ||     1
  Dodge: Dodged            |     3 |     9 ||    12

Table legend: (Time is in decaauts)
 A = Elapsed time spent in this place.
 B = Non-inter-level travel time spent in this place.
 C = Inter-level travel time spent in this place.
 D = Time resting spent in this place.
 E = Time spent auto-exploring this place.
 F = Levels seen in this place.
 G = Mean time per level.
                   A        B        C        D        E       F      G
               +--------+--------+--------+--------+--------+-----+--------+
         Total |    528 |    528 |      0 |    418 |      0 |   1 |  528.0 |
       Dungeon |    528 |    528 |      0 |    418 |      0 |   1 |  528.0 |
               +--------+--------+--------+--------+--------+-----+--------+

Top non-repeatable levels by time:
       D: 528 daAuts
